 Dungeon Crawl Stone Soup version 0.17.0-24-gcfadda4 (console) character file.

7035 Kloppie the Fighter (level 11, -1/72 HPs)
             Began as a Gargoyle Summoner on Nov 17, 2015.
             Was an Initiate of Sif Muna.
             Slain by Urug
             ... wielding a +0 broad axe
              (9 damage)
             ... on level 11 of the Dungeon.
             The game lasted 00:29:24 (12299 turns).

Kloppie the Fighter (Gargoyle Summoner)            Turns: 12299, Time: 00:29:24

Health: -1/72      AC: 18    Str: 16    XL:     11   Next: 9%
Magic:  3/14       EV: 11    Int: 18    God:    Sif Muna [......]
Gold:   418        SH:  0    Dex: 10    Spells: 4 memorised, 3 levels left

rFire  x . .     SeeInvis .     U - +3 dire flail (holy)
rCold  + . .     Clarity  .     d - +0 ring mail
rNeg   + . .     SustAt   .     (shield currently unavailable)
rPois  ∞         Gourm    .     Z - +0 helmet
rElec  +         Spirit   .     Y - +1 cloak
rCorr  .         Warding  .     (no gloves)
rMut   +         Stasis   .     (no boots)
MR     .....                    x - amulet of resist mutation
Stlth  +.........               E - +3 ring of strength
                                K - ring of ice

@: very slightly contaminated, not resistant to hostile enchantments, very
unstealthy
A: negative energy resistance 1, electricity resistance, unbreathing,
petrification resistance, rot immunity, AC +7
a: Renounce Religion


You were on level 11 of the Dungeon.
You worshipped Sif Muna.
Sif Muna was noncommittal.
You were not hungry.

You visited 2 branches of the dungeon, and saw 12 of its levels.

You collected 418 gold pieces.

Inventory:

Hand Weapons
 M - a +0 morningstar
 U - a +3 dire flail of holy wrath (weapon)
Missiles
 T - 28 poisoned needles
Armour
 a - a +0 robe
 d - a +0 ring mail (worn)
 t - a +0 chain mail
 Y - a +1 cloak (worn)
 Z - a +0 helmet (worn)
Magical Staves
 D - an uncursed staff of conjuration
Jewellery
 m - an uncursed amulet of faith
 u - an uncursed ring of protection from fire
 x - an amulet of resist mutation (around neck)
 y - an uncursed ring of teleportation
 C - an uncursed amulet of stasis
 E - a +3 ring of strength (right hand)
 K - a ring of ice (left hand)
Wands
 g - a wand of frost (12)
 s - a wand of teleportation (4)
 O - a wand of cold (0)
Scrolls
 j - 4 scrolls of remove curse
 l - 2 scrolls of noise
 n - a scroll of enchant armour
 p - 2 scrolls of fear
 w - 2 scrolls of identify
 z - a scroll of enchant weapon
 B - a scroll of amnesia
 F - a scroll of magic mapping
 H - 2 scrolls of blinking
 I - a scroll of teleportation {unknown}
 S - 3 scrolls of fog
Potions
 e - a potion of magic
 i - a potion of flight
 o - a potion of haste {unknown}
 q - 2 potions of degeneration {unknown}
 r - a potion of curing
 v - a potion of mutation {unknown}
 A - a potion of agility {unknown}
 G - 5 potions of ambrosia {unknown}
 L - 2 potions of poison {unknown}
 Q - a potion of brilliance {unknown}
 W - a potion of might {unknown}
Books
 b - a book of Callings

   Spells                             Type                      Level
   a - Summon Small Mammal            Summoning                    1
   b - Call Imp                       Summoning                    2
   c - Call Canine Familiar           Summoning                    3
   d - Summon Guardian Golem          Hexes/Summoning              3
   e - Summon Lightning Spire         Summoning/Air                4
   f - Summon Ice Beast               Ice/Summoning                4
Comestibles
 c - 9 bread rations
 f - 2 slices of pizza
 h - 6 meat rations


   Skills:
 - Level 10.0 Fighting
 - Level 10.0 Maces & Flails
 - Level 9.4 Armour
 - Level 1.5 Dodging
 - Level 2.1 Stealth
 - Level 2.0 Spellcasting
 + Level 5.4 Summonings
 + Level 0.0 Ice Magic


You had 3 spell levels left.
You knew the following spells:

 Your Spells              Type           Power        Failure   Level  Hunger
a - Summon Small Mammal   Summ           ###.         4%          1    #......
b - Call Canine Familiar  Summ           ###.....     12%         3    ###....
c - Summon Guardian Gole  Hex/Summ       ##......     34%         3    ###....
d - Summon Ice Beast      Ice/Summ       ###.....     90%         4    #####..


Dungeon Overview and Level Annotations

Branches:
Dungeon (11/15)            Temple (1/1) D:4             Orc (0/4) D:9
   Lair: D:8-11

Altars:
Cheibriados
Dithmenos
Elyvilon
Fedhas
Gozag
Kikubaaqudgha
Makhleb
Nemelex Xobeh
Okawaru
Qazlal
Ru
Sif Muna
Trog
Vehumet
Xom
Yredelemnul
Zin
The Shining One

Annotations:
D:4 Blork the orc; Kloppie's ghost, amateur GrSu
D:10 Gastronok; Nergalle
D:11 Urug


Innate Abilities, Weirdness & Mutations

You are resistant to torment.
Your stone body is resilient (AC +7).
You are immune to poison.
You resist negative energy.
You are resistant to electric shocks.
You can survive without breathing.
You are immune to petrification.
You are immune to rotting.


Message History

Urug hits you with a broad axe.
* * * LOW HITPOINT WARNING * * *
Urug hits your hound with a broad axe!! Urug hits your rat with a broad axe.
Your hound barely misses Urug.
Your rat barely misses Urug.
You closely miss Urug.
Urug is moderately wounded.
Your hound bites Urug but does no damage.
Urug hits you with a broad axe!
* * * LOW HITPOINT WARNING * * *
Urug misses your hound. Urug hits your rat with a broad axe.
Your rat dies!
Your rat's corpse disappears in a puff of smoke!
You hit Urug.
Urug is moderately wounded.
Your hound closely misses Urug.
You barely miss Urug.
Urug is moderately wounded.
Your hound bites Urug but does no damage.
Urug hits you with a broad axe!
You die...

#.. ####..
...o..########.
.............<.
...............
###########(#
.........h..######
.........o§........
.......<@).........
#######.########...
#.# .. ..) ...##
....# ......
....... ........


You could see Urug and a friendly hound.

Vanquished Creatures
  Pikel (D:7)
  A hill giant (D:6)
  Joseph (D:9)
  A gargoyle (D:11)
  Psyche (D:8)
  A merfolk (D:9)
  Grinder (D:4)
  Prince Ribbit (D:9)
  A two-headed ogre (D:8)
  Eustachio (D:4)
  Edmund (D:6)
  A water moccasin (D:9)
  3 orc warriors
  6 ogres
  4 ice beasts
  4 centaurs
  7 giant frogs
  A scorpion (D:7)
  2 wyvern skeletons
  7 killer bees
  2 crimson imps
  2 jellies
  4 orc priests
  2 quasits (D:6)
  2 giant frog skeletons
  6 hounds
  7 worker ants
  A centaur skeleton (D:5)
  An iguana (D:10)
  8 orc wizards
  Terence (D:2)
  Natasha (thrice) (D:2)
  A killer bee zombie (D:6)
  3 hound zombies
  A hound skeleton (D:9)
  Robin (D:4)
  9 adders
  2 shadow imps
  An ooze (D:4)
  2 worms
  An adder skeleton (D:9)
  4 giant geckos
  29 orcs
  2 ball pythons (D:1)
  13 bats
  7 giant cockroaches
  14 hobgoblins
  13 jackals
  5 quokkas
  A giant gecko skeleton (D:5)
  7 giant newts
  19 goblins
  6 kobolds
  9 rats
235 creatures vanquished.

Vanquished Creatures (collateral kills)
  A gargoyle (D:9)
1 creature vanquished.

Vanquished Creatures (others)
  3 slaves (D:7)
  A giant gecko (D:7)
  An orc (D:7)
5 creatures vanquished.

Grand Total: 241 creatures vanquished

Notes
Turn   | Place    | Note
--------------------------------------------------------------
     0 | D:1      | Kloppie the Gargoyle Summoner began the quest for the Orb.
     0 | D:1      | Reached XP level 1. HP: 10/10 MP: 3/3
   229 | D:1      | Reached skill level 1 in Fighting
   368 | D:1      | Reached XP level 2. HP: 14/16 MP: 5/5
   614 | D:1      | Reached skill level 1 in Maces & Flails
   876 | D:1      | Reached XP level 3. HP: 21/21 MP: 6/6
  1220 | D:2      | Noticed Terence
  1411 | D:2      | Reached XP level 4. HP: 15/27 MP: 7/7
  1592 | D:2      | Killed Terence
  1640 | D:2      | Noticed Natasha
  1654 | D:2      | HP: 2/42 [crimson imp[Natasha] (2)]
  1659 | D:2      | Killed Natasha
  1659 | D:2      | Reached XP level 5. HP: 1/32 MP: 8/8
  2162 | D:2      | Found a glowing golden altar of the Shining One.
  2230 | D:2      | Noticed Natasha
  2406 | D:2      | Killed Natasha
  2496 | D:2      | Noticed Natasha
  2510 | D:2      | Killed Natasha
  2519 | D:2      | Found a glowing silver altar of Zin.
  2697 | D:3      | Reached skill level 4 in Fighting
  3272 | D:4      | Noticed Blork the orc
  3460 | D:4      | Reached XP level 6. HP: 28/39 MP: 9/9
  3472 | D:4      | Learned a level 3 spell: Call Canine Familiar
  3476 | D:4      | Learned a level 3 spell: Summon Guardian Golem
  3569 | D:4      | Noticed Kloppie's ghost (amateur GrSu)
  3570 | D:4      | Noticed Grinder
  3587 | D:4      | Paralysed by Grinder for 3 turns
  3698 | D:4      | Noticed Eustachio
  4277 | D:5      | Entered Level 5 of the Dungeon
  4383 | D:4      | Reached skill level 5 in Fighting
  4699 | D:5      | Reached XP level 7. HP: 31/44 MP: 10/10
  4916 | D:5      | Reached skill level 1 in Armour
  5010 | D:5      | Reached skill level 5 in Maces & Flails
  5146 | D:5      | Reached skill level 6 in Fighting
  5723 | D:6      | Reached XP level 8. HP: 36/52 MP: 11/11
  5864 | D:6      | Found a burning altar of Makhleb.
  6032 | D:6      | Noticed Edmund
  6045 | D:6      | Killed Edmund
  6229 | D:6      | Noticed a hill giant
  6236 | D:6      | Killed a hill giant
  6236 | D:6      | Reached skill level 7 in Fighting
  6236 | D:6      | Reached skill level 5 in Armour
  6236 | D:6      | Reached XP level 9. HP: 52/57 MP: 12/12
  6308 | D:6      | Learned a level 4 spell: Summon Ice Beast
  6430 | D:6      | Found a sacrificial altar of Ru.
  6758 | D:7      | Reached skill level 8 in Fighting
  7125 | D:7      | Noticed Pikel
  7158 | D:7      | Killed Pikel
  7221 | D:7      | Found an iron altar of Okawaru.
  7709 | D:4      | Noticed Robin
  7732 | D:4      | Killed Robin
  7872 | D:4      | Killed Grinder
  7872 | D:4      | Reached skill level 9 in Fighting
  7990 | D:4      | Found a staircase to the Ecumenical Temple.
  8003 | Temple   | Entered the Ecumenical Temple
  8088 | Temple   | Became a worshipper of Sif Muna the Loreminder
  8146 | D:4      | Killed Eustachio
  8342 | D:8      | Reached XP level 10. HP: 53/66 MP: 13/13
  9077 | D:8      | Noticed Psyche
  9097 | D:8      | Killed Psyche
  9601 | D:9      | Noticed Prince Ribbit
  9680 | D:9      | Reached skill level 10 in Fighting
  9816 | D:9      | Noticed Joseph
 10163 | D:9      | Found a staircase to the Orcish Mines.
 10232 | D:10     | Entered Level 10 of the Dungeon
 10392 | D:10     | Noticed Nergalle
 11007 | D:9      | Killed Joseph
 11139 | D:9      | Killed Prince Ribbit
 11519 | D:9      | Found a shadowy altar of Dithmenos.
 11545 | D:9      | Reached skill level 5 in Summonings
 11732 | D:9      | Reached XP level 11. HP: 61/72 MP: 14/14
 11952 | D:10     | Noticed Gastronok
 12055 | D:11     | Reached skill level 10 in Maces & Flails
 12283 | D:11     | Noticed Urug
 12299 | D:11     | Slain by Urug

Action                   |  1- 3 |  4- 6 |  7- 9 | 10-12 || total
-------------------------+-------+-------+-------+-------++-------
Melee: Unarmed           |    49 |       |       |       ||    49
       Club              |   116 |       |       |       ||   116
       Whip              |   155 |   256 |       |       ||   411
       Flail             |       |   143 |   156 |       ||   299
       Dire flail        |       |       |   136 |   348 ||   484
 Cast: Call Canine Famil |       |       |       |     9 ||     9
       Summon Small Mamm |       |       |       |     3 ||     3
Evoke: Wand              |       |       |    13 |     6 ||    19
  Use: Potion            |       |     1 |     1 |     3 ||     5
       Scroll            |       |     2 |    12 |     2 ||    16
 Stab: Sleeping          |     1 |     1 |       |     1 ||     3
       Distracted        |       |       |     1 |       ||     1
       Invisible         |       |       |       |     3 ||     3
  Eat: Chunk             |     2 |    10 |    11 |    12 ||    35
       Beef jerky        |       |     1 |       |     2 ||     3
